AoeStats
← Horizon

Arena

509423936Analyzed
4v4 RM · 5d ago on Sep 26, 2026· 12m 21s· 8 players
Game mode
Random Map
Map size
Large (8 player)
Population
200
Speed
Normal
Resources
Standard
Victory
Conquest
Starting age
Dark Age
Ending age
Imperial Age
RankedLock teamsTeams togetherTeam positionsShared explorationLock speedFull tech treeHidden civsTurbo modeCheats
Victory
Defeat
🇦🇷 Tatars · Argentina
1581
+13
🇺🇸 Teutons · United States
1506
+16
🇺🇸 Slavs · United States
1436
+19
🇮🇹 Saxons · Italy
1353
+22
🇺🇸 Lithuanians · United States
1543
-19
🇨🇳 Hindustanis · China
1539
-19
🇵🇰 Teutons · Pakistan
1527
-19
🇩🇪 Dravidians · Germany
1401
-13
Matter JV
7:06 Loom
10:58 Feudal Age
10:08 Loom
11:40 Double-Bit Axe
Haider_435
10:23 Feudal Age
14:28 Castle Age
白心悠哉
10:16 Feudal Age
11:14 Double-Bit Axe
14:09 Castle Age
12:16 Horse Collar
Horizon
6:04 Loom
8:32 Feudal Age
9:14 Town Watch
9:58 Fletching
Freakcles
6:03 Loom
8:46 Feudal Age
Spada_Arancio
3:54 Loom
11:00 Feudal Age
12:48 Fletching
AML4554
10:26 Feudal Age
14:56 Castle Age
SCV
10:46 Feudal Age
14:33 Castle Age
Connection lost

Rejoining the realm…

Still unreachable

The connection could not be restored.

Session expired

The server has moved on; the page needs a fresh start.